 Dungeon Crawl Stone Soup version 0.22-a0-533-g4d20840 (webtiles) character file.

51 royokou the Firebug (level 3, -5/27 HPs)
             Began as a Hill Orc Fire Elementalist on June 22, 2018.
             Slain by Terence
             ... wielding a +0 short sword
              (6 damage)
             ... on level 2 of the Dungeon on June 23, 2018.
             The game lasted 00:29:59 (2055 turns).

royokou the Firebug (Hill Orc Fire Elementalist)    Turns: 2055, Time: 00:29:59

Health: -5/27      AC:  2    Str: 10    XL:     3   Next: 83%
Magic:  0/5        EV: 12    Int: 16    God:
Gold:   82         SH:  0    Dex: 11    Spells: 1/5 levels left

rFire    . . .     SeeInvis .   l - +0 short sword
rCold    . . .     Gourm    .   (no shield)
rNeg     . . .     Faith    .   a - +0 robe
rPois    .         Spirit   .   (no helmet)
rElec    .         Reflect  .   (no cloak)
rCorr    .         Harm     .   (no gloves)
MR       .....                  (no boots)
Stlth    ++........             (no amulet)
HPRegen  0.09/turn              (no ring)
MPRegen  0.09/turn              (no ring)

@: very slightly contaminated, hasted, very quick
A: no striking features
a: no special abilities


You were on level 2 of the Dungeon.
You were not hungry.

You visited 1 branch of the dungeon, and saw 2 of its levels.

You collected 82 gold pieces.

Inventory:

Hand Weapons
 b - a +0 hunting sling
 e - a +0 club
 l - a +0 short sword (weapon)
 n - a +0 dagger of pain
 s - a +0 spear
Missiles
 d - 92 stones (quivered)
 i - 63 arrows
 q - 12 poisoned needles
Armour
 a - a +0 robe (worn)
 f - a +0 leather armour
 k - a +0 ring mail
 u - a +0 shield
Jewellery
 g - an uncursed amulet of guardian spirit {unknown}
Scrolls
 h - 3 scrolls of remove curse {unknown}
 j - a scroll of noise {unknown}
 m - a scroll of magic mapping {unknown}
 o - a scroll of enchant armour {unknown}
 r - a scroll of enchant weapon {unknown}
 t - a scroll of teleportation {unknown}
 v - a scroll of amnesia {unknown}
 x - a scroll of blinking {unknown}
 y - a scroll of identify {unknown}
Potions
 p - a potion of haste
 w - a potion of curing {unknown}
Comestibles
 c - 4 rations
 z - a chunk of flesh


   Skills:
 + Level 0.4 Fighting
 + Level 0.6 Short Blades
 + Level 0.8 Maces & Flails
 + Level 1.9 Dodging
 + Level 2.0 Stealth
 + Level 0.4 Unarmed Combat
 + Level 1.9 Spellcasting
 + Level 1.2 Conjurations
 + Level 3.6 Fire Magic


You had one spell level left.
You knew the following spells:

 Your Spells              Type           Power        Failure   Level  Hunger
a - Flame Tongue          Conj/Fire      #....        8%          1    #......
b - Conjure Flame         Conj/Fire      #.......     22%         3    ###....

Your spell library contained the following spells:

 Spells                   Type           Power        Failure   Level  Hunger
 Fireball                 Conj/Fire      #.........   91%         5    ######.
 Throw Flame              Conj/Fire      #.....       12%         2    ###....
 Sticky Flame             Conj/Fire      #.......     58%         4    #####..
 Inner Flame              Hex/Fire       #.......     30%         3    ###....


Dungeon Overview and Level Annotations

Branches:
Dungeon (2/15)

Altars:

Annotations:
D:2 Terence


Message History

You barely miss Terence.
Terence is severely wounded.
Terence hits you with a short sword!
* * * LOW HITPOINT WARNING * * *
You barely miss Terence.
Terence is severely wounded.
Terence hits you with a short sword.
* * * LOW HITPOINT WARNING * * *
You hit Terence but do no damage.
Terence is severely wounded.
Terence closely misses you.
Casting: Flame Tongue (safe; 8% risk of failure)
Confirm with . or Enter, or press ? or * to list all spells.
Okay, then.
It was a potion of haste.
You feel yourself speed up. Terence barely misses you.
You hit Terence.
Terence is severely wounded.
Terence hits you with a short sword.
You die...

......#...#....####. #.# ...
..##....#.........!.##.# ....
..........$............###.....
..(..##...........(# .... .....
...................###.###.....
....)##)## .(..##..........$...
........# #..................
....##### #)..##รท............
........## #..@@...........((
....###... #..##.........####
...## #.## #..##.........# ..##
#..###..##.........# ###
######.##..############# .#
#......)...# .# #.....##....#
.## #...........# ..#
#.....####..#


You could see Terence.

Vanquished Creatures
  An adder (D:2)
  2 dart slugs
  3 giant cockroaches
  4 goblins
  7 hobgoblins (D:1)
  A quokka (D:2)
  5 bats
  A frilled lizard (D:1)
  5 kobolds
  9 rats
38 creatures vanquished.

Notes
Turn   | Place    | Note
-------+----------+-------------------------------------------
     0 | D:1      | royokou the Hill Orc Fire Elementalist began the quest for the Orb.
     0 | D:1      | Reached XP level 1. HP: 14/14 MP: 3/3
   417 | D:1      | Reached XP level 2. HP: 9/20 MP: 0/4
  1258 | D:1      | Reached XP level 3. HP: 22/26 MP: 2/5
  1268 | D:1      | Learned a level 3 spell: Conjure Flame
  2002 | D:2      | Noticed Terence
  2052 | D:2      | HP: 1/27 [Terence/short sword (6)]
  2055 | D:2      | Slain by Terence

Vault maps used:
D:1:      roderic_chinese_lattice_arrival, minmay_misc_feat_tiny
D:2:      uniq_terence

Skill      XL: |  1  2  3 |
---------------+----------+-----
Stealth        | 2 |  2.0
Fighting       | |  0.4
Short Blades   | |  0.6
Maces & Flails | |  0.8
Dodging        | |  1.9
Unarmed Combat | |  0.4
Spellcasting   | |  1.9
Conjurations   | |  1.2
Fire Magic     | |  3.6

Action                   || total
-------------------------++-------
Melee: Unarmed           ||    24
       Club              ||    16
       Short sword       ||    93
 Fire: Hunting sling     ||     2
 Cast: Flame Tongue      ||    44
       Conjure Flame     ||     2
  Use: Potion            ||     1
 Stab: Sleeping          ||     3
  Eat: Chunk             ||     5
Armor: Robe              ||    36
Dodge: Dodged            ||   109

Table legend:
 A = Spawn XP
 B = Non-spawn XP
 C = Spawn XP percentage of total XP
 D = Spawn monster count
 E = Non-spawn monster count
 F = Spawn count percentage of total count
 G = Total turns spent on level
                    A         B        C        D         E        F      G
               +---------+---------+-------+---------+---------+-------+---------
         Total |       0 |      74 |   0.0 |       0 |      38 |   0.0 |  2055
               +---------+---------+-------+---------+---------+-------+---------
           D:1 |       0 |      42 |   0.0 |       0 |      26 |   0.0 |  1706
           D:2 |       0 |      32 |   0.0 |       0 |      12 |   0.0 |   349
               +---------+---------+-------+---------+---------+-------+---------
